 Dungeon Crawl Stone Soup version 0.25.0-9-g26727b657a (webtiles) character file.

Game seed: 9090616391705443160

161280 nikku the Executioner (level 17, -2/172 HPs)
             Began as a Minotaur Berserker on June 21, 2020.
             Was a High Priest of Trog.
             Slain by a hell beast (11 damage)
             ... on level 4 of the Swamp.
             The game lasted 01:30:10 (33766 turns).

nikku the Executioner (Minotaur Berserker)         Turns: 33766, Time: 01:30:11

Health: -2/172     AC: 23    Str: 32    XL:     17   Next: 19%
Magic:  16/16      EV: 12    Int:  1    God:    Trog [*****.]
Gold:   1996       SH:  5    Dex: 13    Spells: 16/16 levels left

rFire    + + .     SeeInvis .   J - +4 executioner's axe (vorpal)
rCold    + . .     Gourm    .   (shield currently unavailable)
rNeg     + + +     Faith    .   p - +2 swamp dragon scales
rPois    +         Spirit   .   K - +2 hat {MR+}
rElec    .         Reflect  +   Y - scarf {rC+ rF+}
rCorr    .         Harm     .   Q - +1 pair of gloves "Riuxidgh" {rC+ rN++}
MR       +++++                  (no boots)
Stlth    +.........             m - amulet of Qaifoh {Reflect Str+5 SH+5}
HPRegen  1.38/turn              H - ring "Beguamed" {Fire rN++ MR++ Int-4}
MPRegen  0.15/turn              C - ring of Ducleunt {AC+4 Dex+2 Slay+3}

@: berserk cooldown, very slightly contaminated, regenerating, hasted, very
quick
A: retaliatory headbutt, horns 2
a: Berserk, Trog's Hand, Brothers in Arms, Renounce Religion


You were on level 4 of the Swamp.
You worshipped Trog.
Trog was extremely pleased with you.
You were hungry.

You visited 4 branches of the dungeon, and saw 27 of its levels.
You also visited: Ossuary.

You collected 3236 gold pieces.
You spent 1240 gold pieces at shops.

Inventory:

Hand Weapons
 J - a +4 vorpal executioner's axe (weapon)
 S - a +3 antimagic battleaxe
Missiles
 f - 141 poisoned darts
 h - 18 javelins (quivered)
 t - 3 datura-tipped darts
 z - 6 atropa-tipped darts
 R - 4 curare-tipped darts
Armour
 p - +2 swamp dragon scales (worn)
 r - a +1 cloak
 w - a +3 plate armour of cold resistance
 G - +0 acid dragon scales
 K - a +2 hat of magic resistance (worn)
 Q - the +1 pair of gloves "Riuxidgh" (worn) {rC+ rN++}
   (You found it on level 6 of the Lair of Beasts)

   It protects you from cold.
   It greatly protects you from negative energy.
 Y - a scarf of resistance (worn)
Jewellery
 m - the amulet of Qaifoh (around neck) {Reflect Str+5 SH+5}
   (You acquired it on level 5 of the Dungeon)

   [amulet of reflection]

   It shields you and reflects attacks.
   It affects your strength (+5).
   It affects your SH (+5).
 C - the ring of Ducleunt (right hand) {AC+4 Dex+2 Slay+3}
   (You found it on level 14 of the Dungeon)

   [ring of protection]

   It affects your AC (+4).
   It affects your dexterity (+2).
   It affects your accuracy and damage with ranged weapons and melee attacks
   (+3).
 H - the ring "Beguamed" (left hand) {Fire rN++ MR++ Int-4}
   (You found it on level 2 of the Lair of Beasts)

   [ring of fire]

   It enhances your fire magic.
   It affects your intelligence (-4).
   It protects you from fire.
   It makes you vulnerable to cold.
   It greatly protects you from negative energy.
   It affects your resistance to hostile enchantments.
 P - an uncursed ring of protection from magic
 T - the ring "Ivuukk" {rF+ rC+ EV+4}
   (You bought it in a shop on level 2 of the Orcish Mines)

   [ring of evasion]

   It affects your evasion (+4).
   It protects you from fire.
   It protects you from cold.
 V - an uncursed ring of see invisible
Wands
 b - a wand of paralysis (9)
 e - a wand of flame (39)
 i - a wand of random effects (44)
 k - a wand of polymorph (10)
 u - a wand of enslavement (11)
 x - a wand of acid (3)
 A - a wand of digging (6)
 F - a wand of iceblast (39)
 X - a wand of disintegration (11)
Scrolls
 j - 5 scrolls of fog
 n - 5 scrolls of remove curse
 o - 5 scrolls of identify
 s - 14 scrolls of teleportation
 y - 5 scrolls of magic mapping
 W - a scroll of fear
 Z - a scroll of holy word
Potions
 a - 17 potions of curing
 d - 3 potions of haste
 q - 2 potions of mutation
 B - a potion of invisibility
 L - a potion of flight
 M - 3 potions of might
 O - 2 potions of cancellation
 U - 5 potions of lignification
Miscellaneous
 N - a lightning rod (4/4)
Comestibles
 c - 37 rations


   Skills:
 + Level 20.6 Fighting
 * Level 22.0 Axes
 + Level 18.0 Armour
 - Level 2.1 Dodging


You had 16 spell levels left.
You didn't know any spells.
Your spell library was empty.

Dungeon Overview and Level Annotations

Branches:
Dungeon (15/15)            Temple (0/1) D:6            Lair (6/6) D:9
  Swamp (4/4) Lair:3       Spider (0/4) Lair:2        Slime (0/5) Lair:6
    Orc (2/2) D:11            Elf (0/3) Orc:2        Vaults (0/5) D:14
 Depths (0/5) D:15        Ossuary (visited)

Altars:
Cheibriados
Elyvilon
Gozag
Hepliaklqana
Makhleb
Nemelex Xobeh
Okawaru
Sif Muna
Trog
Vehumet
Yredelemnul
The Shining One

Shops:
D:14 (   Orc:2 *?!(

Annotations:
Swamp:2 2 transporters, Nicoed's ghost, adept MiFi


Innate Abilities, Weirdness & Mutations

You reflexively headbutt those who attack you in melee.
You have a pair of horns on your head.


Message History

You destroy the death ooze!
Trog accepts your kill.
Your Armour skill increases to level 18!
Your swamp dragon scales prevents you from hitting the hell beast.
You slash the large abomination!
A slime creature comes into view.
The hell beast misses you. The hell beast tramples you.
* * * LOW HITPOINT WARNING * * *
You hold your ground!
You slice the hell beast like a ripe choko!!!
You headbutt the hell beast!!
The hell beast is almost dead.
You slash the large abomination! The hell beast barely misses you.
The hell beast misses you. The large abomination hits you!!
* * * LOW HITPOINT WARNING * * *
You completely miss the hell beast.
The hell beast is almost dead.
You hit the large abomination but do no damage.
You block the hell beast's attack. The hell beast tramples you!
You die...

♣≈≈≈§≈
#≈.≈#
#≈J≈#
#≈.≈#
♣.≈≈# ≈≈
#J.≈##≈≈≈♣
#≈≈≈≈≈≈≈≈≈
#XJ♣≈#≈≈≈.
#@#≈♣≈#≈#.
#2≈≈.≈≈.#
♣≈..##≈≈.
#≈≈## ≈≈.
♣≈.♣ #≈#
#.≈# ≈
#♣≈# ≈≈


You could see a hell beast, 3 slime creatures and a large abomination.

Vanquished Creatures
  Jorgrun (D:15)
  Rupert (Orc:2)
  Gastronok (Lair:3)
  A sphinx (D:15)
  Agnes (D:14)
  Frances (D:14)
  A storm dragon (D:15)
  Kirke (D:15)
  A frost giant (D:15)
  The ghost of Skimidon the Hill Orc Catastrophe, a journeyman HOFi of Qazlal (D:13)
  A fire giant (D:15)
  An orc warlord (Orc:1)
  2 very ugly things
  A stone giant (D:15)
  Nessos (Lair:4)
  An ettin (D:15)
  A death ooze (Swamp:4)
  An ogre mage (D:14)
  Josephine (D:10)
  Erolcha (D:11)
  A deep elf high priest (D:15)
  A great orb of eyes (D:15)
  16 hydras
  Fannar (D:11)
  A rakshasa (D:15)
  A hell beast (Swamp:4)
  4 shambling mangroves
  A ghost crab (Swamp:4)
  4 catoblepae
  Erica (D:10)
  10 two-headed ogres
  5 death yaks (Lair:6)
  5 centaur warriors
  A deep troll shaman (Lair:6)
  A death knight (D:13)
  2 tengu warriors
  13 alligators
  2 orc high priests (Orc:2)
  A skeletal warrior (D:15)
  3 wizards
  7 unseen horrors
  A spriggan druid (Swamp:4)
  A flayed ghost (D:15)
  A deep elf archer (D:15)
  6 orc knights
  A lindwurm (Lair:5)
  3 swamp dragons
  2 ugly things
  A manticore (shapeshifter) (D:15)
  2 oklob plants (Lair:6)
  A necromancer (D:15)
  2 deep elf magi
  A wolf spider (Lair:2)
  4 manticores
  11 elephants
  A moth of wrath (shapeshifter) (D:12)
  7 orc sorcerers
  2 cyclopes (D:15)
  3 black mambas
  Psyche (D:10)
  Maggie (D:10)
  3 centaur skeletons (D:15)
  4 torpor snails (Lair:5)
  16 spiny frogs
  8 komodo dragons
  3 freezing wraiths
  A yaktaur (D:15)
  3 rime drakes
  3 tengu conjurers
  8 trolls
  2 meliai (shapeshifter) (D:14)
  A hydra zombie (Swamp:1)
  7 slime creatures
  3 polar bears
  8 tyrant leeches
  13 hornets
  A wolf spider simulacrum (D:15)
  13 hippogriffs
  10 bog bodies
  16 blink frogs
  4 dream sheep (Lair:5)
  3 centaur simulacra
  5 wraiths
  5 redbacks (D:15)
  2 water elementals (D:14)
  6 shadows
  13 spriggans
  A tarantella (D:15)
  5 wyverns
  A hog (D:15)
  24 yaks
  4 hungry ghosts
  8 basilisks
  30 vampire mosquitoes
  A warg (shapeshifter) (D:15)
  7 insubstantial wisps
  13 water moccasins
  A soldier ant (D:10)
  10 swamp worms
  A warg (Orc:1)
  3 acid dragons
  2 hell hounds (Lair:4)
  14 porcupines
  7 swamp drakes
  20 orc warriors
  A meliai simulacrum (D:15)
  3 sky beasts
  2 black bears
  An eye of draining (D:15)
  4 ice beasts
  A boggart (D:15)
  An eye of draining (shapeshifter) (D:15)
  2 necrophages
  15 ogres
  11 crocodiles
  13 centaurs
  10 wolves
  3 big kobolds
  A komodo dragon zombie (Swamp:1)
  A wyvern zombie (D:13)
  25 bullfrogs
  A gnoll sergeant (D:7)
  A scorpion (D:8)
  20 killer bees
  11 wights
  4 howler monkeys
  3 electric eels
  6 bullfrog zombies
  5 crimson imps
  2 quasits
  Crazy Yiuf (D:6)
  6 centaur zombies
  2 bullfrog skeletons
  6 jellies
  20 orc priests
  11 hounds
  Terence (D:3)
  3 iguanas
  22 orc wizards
  14 worker ants
  A crocodile zombie (Swamp:1)
  4 hound zombies (Ossuary)
  2 howler monkey zombies (Ossuary)
  16 mummies (Ossuary)
  A howler monkey skeleton (D:4)
  10 gnolls
  13 adders
  6 shadow imps
  A white imp (D:5)
  An adder skeleton (D:8)
  4 worms
  2 dart slugs (D:2)
  5 leopard geckos
  76 orcs
  A giant cockroach (D:1)
  6 goblins
  9 hobgoblins
  16 jackals
  25 kobolds
  3 quokkas
  11 bats
  3 frilled lizards (D:2)
  A jackal zombie (Ossuary)
  A leopard gecko zombie (Ossuary)
  A quokka skeleton (D:6)
  2 quokka zombies
  12 rats
  4 fungi
  7 plants
944 creatures vanquished.

Vanquished Creatures (collateral kills)
  An orc high priest (Orc:2)
  Sonja (Orc:2)
  A wraith (D:10)
  A warg (Orc:2)
  An ogre (Orc:2)
  An orc priest (Orc:2)
  2 orcs
8 creatures vanquished.

Vanquished Creatures (others)
  A shadow wraith (D:15)
  A necromancer (Swamp:1)
  A tengu conjurer (D:13)
  3 humans (D:15)
  3 insubstantial wisps (Swamp:4)
  A centaur (D:15)
  A crocodile zombie (Swamp:1)
  14 fungi
  60 plants
85 creatures vanquished.

Grand Total: 1037 creatures vanquished

Notes
Turn   | Place    | Note
-------+----------+-------------------------------------------
     0 | D:1      | nikku the Minotaur Berserker began the quest for the Orb.
     0 | D:1      | Reached XP level 1. HP: 19/19 MP: 0/0
    42 | D:1      | Reached XP level 2. HP: 14/27 MP: 1/1
   492 | D:1      | Reached skill level 4 in Axes
   858 | D:2      | Reached ** piety under Trog
   858 | D:2      | Reached XP level 3. HP: 34/34 MP: 2/2
   930 | D:2      | Found a hazy altar of Hepliaklqana.
  1236 | D:2      | Reached skill level 5 in Fighting
  1236 | D:2      | Reached XP level 4. HP: 41/42 MP: 3/3
  1733 | D:3      | Reached XP level 5. HP: 48/48 MP: 4/4
  1736 | D:3      | Noticed Terence
  1740 | D:3      | Killed Terence
  2517 | D:3      | Reached skill level 5 in Axes
  2748 | D:4      | Reached XP level 6. HP: 56/58 MP: 5/5
  2840 | D:4      | Reached *** piety under Trog
  3118 | D:4      | Reached skill level 5 in Armour
  3240 | D:4      | Reached XP level 7. HP: 58/66 MP: 6/6
  3941 | D:5      | Entered Level 5 of the Dungeon
  4221 | D:5      | Reached skill level 6 in Axes
  5094 | D:5      | Found a sparkling altar of Nemelex Xobeh.
  5094 | D:5      | Found a glowing golden altar of the Shining One.
  5142 | D:5      | Identified a scroll of acquirement
  5143 | D:5      | Got the amulet of Qaifoh {Reflect Str+5 SH+5}
  5174 | D:6      | Reached XP level 8. HP: 75/75 MP: 7/7
  5515 | D:6      | Reached skill level 7 in Axes
  5605 | D:6      | Found a staircase to the Ecumenical Temple.
  5631 | D:6      | Reached skill level 10 in Fighting
  5968 | D:6      | Found a runed translucent door.
  5969 | D:6      | Noticed Crazy Yiuf
  5977 | D:6      | Killed Crazy Yiuf
  6215 | D:6      | Reached XP level 9. HP: 60/86 MP: 8/8
  6508 | D:7      | Reached skill level 8 in Axes
  6557 | D:7      | Found an opulent altar of Gozag.
  6674 | D:7      | Found an iron altar of Okawaru.
  6847 | D:7      | Reached **** piety under Trog
  6921 | D:7      | Found a white marble altar of Elyvilon.
  7250 | D:7      | Reached skill level 9 in Axes
  7352 | D:7      | Noticed a moth of wrath
  7355 | D:7      | Found a bloodstained altar of Trog.
  7880 | D:8      | Found a snail-covered altar of Cheibriados.
  8450 | D:8      | Found a sand-covered staircase.
  8459 | Ossuary  | Entered an ossuary
  8487 | Ossuary  | Reached XP level 10. HP: 99/99 MP: 9/9
  8597 | Ossuary  | Reached ***** piety under Trog
  9190 | D:8      | Found a radiant altar of Vehumet.
  9523 | D:9      | Noticed a two-headed ogre
  9534 | D:9      | Killed a two-headed ogre
  9534 | D:9      | Reached skill level 10 in Axes
  9752 | D:9      | Reached skill level 10 in Armour
  9797 | D:9      | Found a staircase to the Lair.
 10360 | D:10     | Entered Level 10 of the Dungeon
 10360 | D:10     | Noticed Psyche
 10360 | D:10     | Noticed a two-headed ogre
 10403 | D:10     | Killed a two-headed ogre
 10403 | D:10     | Reached XP level 11. HP: 110/110 MP: 10/10
 10404 | D:10     | Killed Psyche
 10411 | D:10     | Received a gift from Trog
 10413 | D:10     | Noticed Josephine
 10419 | D:10     | Reached skill level 11 in Axes
 10693 | D:10     | Noticed Maggie
 10704 | D:10     | Killed Josephine
 10712 | D:10     | Killed Maggie
 10909 | D:10     | Noticed Erica
 10917 | D:10     | Killed Erica
 10917 | D:10     | Reached skill level 15 in Fighting
 11085 | D:11     | Noticed Fannar
 11351 | D:11     | Killed Fannar
 11411 | D:11     | Found a staircase to the Orcish Mines.
 11826 | D:11     | Noticed Erolcha
 11835 | D:11     | Killed Erolcha
 11877 | D:11     | Found a basalt altar of Yredelemnul.
 12010 | D:11     | Reached skill level 12 in Axes
 12187 | D:11     | Reached XP level 12. HP: 116/122 MP: 11/11
 12823 | Lair:1   | Entered Level 1 of the Lair of Beasts
 13941 | Lair:2   | Found a hole to the Spider Nest.
 13998 | Lair:2   | Noticed a seven-headed hydra
 14007 | Lair:2   | Killed a 13-headed hydra
 14173 | Lair:2   | Reached skill level 13 in Axes
 14549 | Lair:2   | Got a slimy granite ring
 14554 | Lair:2   | Identified the ring "Beguamed" {Fire rN++ MR++ Int-4} (You
                  | found it on level 2 of the Lair of Beasts)
 14681 | Lair:2   | Received a gift from Trog
 15324 | Lair:2   | Reached skill level 14 in Axes
 15756 | Lair:3   | Found a staircase to the Swamp.
 15842 | Lair:3   | Noticed a four-headed hydra
 15854 | Lair:3   | Killed a nine-headed hydra
 15887 | Lair:3   | Reached XP level 13. HP: 114/132 MP: 12/12
 16043 | Lair:3   | Noticed Gastronok
 16057 | Lair:3   | Killed Gastronok
 16473 | Lair:3   | You fall into a shaft and drop 1 floor!
 16807 | Lair:3   | Reached skill level 15 in Axes
 17246 | Lair:4   | Noticed Nessos
 17255 | Lair:4   | Killed Nessos
 18745 | Lair:5   | Found a snail-covered altar of Cheibriados.
 19176 | Lair:5   | Reached skill level 16 in Axes
 19817 | Lair:6   | Entered Level 6 of the Lair of Beasts
 19940 | Lair:6   | Reached XP level 14. HP: 138/141 MP: 13/13
 20422 | Lair:6   | Got a pair of brightly glowing gloves
 20427 | Lair:6   | Identified the +1 pair of gloves "Riuxidgh" {rC+ rN++} (You
                  | found it on level 6 of the Lair of Beasts)
 20771 | Lair:6   | Reached skill level 17 in Axes
 21008 | Lair:6   | Found a staircase to the Slime Pits.
 22170 | D:12     | Reached skill level 15 in Armour
 22625 | Orc:1    | Entered Level 1 of the Orcish Mines
 22770 | Orc:1    | Noticed an orc warlord
 22775 | Orc:1    | Received a gift from Trog
 22784 | Orc:1    | Killed an orc warlord
 23116 | Orc:2    | Entered Level 2 of the Orcish Mines
 23116 | Orc:2    | Noticed Sonja
 23116 | Orc:2    | Noticed Rupert
 23123 | Orc:2    | Killed Rupert
 23123 | Orc:2    | Reached skill level 18 in Axes
 23130 | Orc:2    | Killed Sonja
 23231 | Orc:2    | Found a burning altar of Makhleb.
 23302 | Orc:2    | Found Hiablif's Weapon Emporium.
 23701 | Orc:2    | Found a staircase to the Elven Halls.
 23851 | Orc:2    | Found Iwets's Distillery.
 23857 | Orc:2    | Bought a potion of heal wounds for 85 gold pieces
 23857 | Orc:2    | Bought a potion of heal wounds for 85 gold pieces
 23857 | Orc:2    | Bought a potion of heal wounds for 85 gold pieces
 23857 | Orc:2    | Bought a potion of might for 68 gold pieces
 23857 | Orc:2    | Found Lotez's Magic Scroll Boutique.
 23863 | Orc:2    | Found Rigylir's Assorted Antiques.
 23874 | Orc:2    | Bought a scroll of acquirement for 676 gold pieces
 23882 | Orc:2    | Bought a shimmering copper ring for 105 gold pieces
 23882 | Orc:2    | Bought a scroll of fear for 73 gold pieces
 23882 | Orc:2    | Bought a scroll of teleportation for 63 gold pieces
 23882 | Orc:2    | Identified the ring "Ivuukk" {rF+ rC+ EV+4} (You bought it
                  | in a shop on level 2 of the Orcish Mines)
 24012 | D:13     | Found a transporter.
 24014 | D:13     | Noticed Skimidon's ghost (journeyman HOFi)
 24018 | D:13     | Found a transporter.
 24043 | D:13     | Reached XP level 15. HP: 150/150 MP: 14/14
 24045 | D:13     | Killed Skimidon's ghost
 24070 | D:13     | Got a twisted cloak
 24071 | D:13     | Identified the +1 cloak of Skepticism {Harm +Blink rC+ MR+}
                  | (You found it on level 13 of the Dungeon)
 25070 | D:14     | You fall into a shaft and drop 1 floor!
 25070 | D:15     | Entered Level 15 of the Dungeon
 25071 | D:15     | Received a gift from Trog
 25198 | D:15     | Noticed a frost giant
 25206 | D:15     | Killed a frost giant
 25206 | D:15     | Reached skill level 19 in Axes
 25245 | D:15     | Noticed Kirke
 25254 | D:15     | Killed Kirke
 25356 | D:15     | Noticed a sphinx
 25365 | D:15     | Killed a sphinx
 25586 | D:15     | Found a shimmering blue altar of Sif Muna.
 25587 | D:15     | Found a burning altar of Makhleb.
 25595 | D:15     | Found a glowing golden altar of the Shining One.
 25750 | D:15     | Noticed a fire giant
 25756 | D:15     | Killed a fire giant
 25936 | D:15     | Noticed a storm dragon
 25947 | D:15     | Killed a storm dragon
 26539 | D:14     | Noticed Frances
 26550 | D:14     | Killed Frances
 26886 | D:14     | Reached skill level 20 in Axes
 26962 | D:14     | Got a brightly glowing copper ring
 27054 | D:14     | Found a gate to the Vaults.
 27334 | D:14     | Found Kot Apach's Antique Weapon Shoppe.
 27443 | D:14     | Noticed Agnes
 27455 | D:14     | Killed Agnes
 27455 | D:14     | Reached XP level 16. HP: 144/161 MP: 15/15
 27788 | D:14     | Identified the ring of Ducleunt {AC+4 Dex+2 Slay+3} (You
                  | found it on level 14 of the Dungeon)
 28004 | D:15     | Noticed Jorgrun
 28022 | D:15     | Killed Jorgrun
 28559 | D:15     | Found a staircase to the Depths.
 29541 | Swamp:1  | Entered Level 1 of the Swamp
 29736 | Swamp:1  | Received a gift from Trog
 29765 | Swamp:1  | Reached skill level 21 in Axes
 30791 | Swamp:2  | Found a transporter.
 30797 | Swamp:2  | Noticed Nicoed's ghost (adept MiFi)
 30799 | Swamp:2  | Found a bloodstained altar of Trog.
 30800 | Swamp:2  | Identified the +7 morningstar of Cataclysm {antimagic, rC+}
 30800 | Swamp:2  | Identified the amulet "Pyufeh" {Acrobat +Blink Str+4 Int-2
                  | Dex+6}
 30808 | Swamp:2  | Found a transporter.
 30808 | Swamp:2  | Identified the +6 lajatang of Exquisite Torment {venom,
                  | rElec MR+ Str-4}
 31843 | Swamp:3  | Reached ****** piety under Trog
 32311 | Swamp:3  | Received a gift from Trog
 32862 | Swamp:4  | Entered Level 4 of the Swamp
 33098 | Swamp:4  | Reached XP level 17. HP: 34/171 MP: 16/16
 33447 | Swamp:4  | Identified the Catalogue of the Many Shrikes
 33760 | Swamp:4  | HP: 7/172 [hell beast (2)]
 33762 | Swamp:4  | Reached skill level 22 in Axes
 33765 | Swamp:4  | HP: 8/172 [large abomination (19)]
 33766 | Swamp:4  | Slain by a hell beast

Illustrated notes

Levels and vault maps discovered:
D:1:      psy_arrival_dodecagon, layout_basic
D:2:      layout_loops_ring, lemuel_round_altar
D:3:      layout_loops_corners, first_ration, uniq_terence
D:4:      layout_basic
D:5:      layout_loops_corners, gammafunk_temple_overflow_pools,
          hangedman_abyss_or_decor_slice, dk_noncrumbling_4,
          minmay_fire_ice_demons
D:6:      layout_basic, minmay_temple_entry_glass, uniq_crazy_yiuf_cottage
D:7:      layout_gridville, grunt_gozag_breadcrumbs, lemuel_doored_altar,
          tgw_trog, the_bakery, okawaru_ov_weapons_minmay
D:8:      minmay_weird_star, layout_basic, kennysheep_mini_moat,
          lemuel_crystal_altar, enter_ossuary_3
D:9:      layout_roguey, erik_lair_island
D:10:     layout_rooms, grunt_decor_one_mirror, uniq_erica, uniq_psyche,
          uniq_maggie, uniq_josephine
D:11:     layout_small_grid, hiddenorc1_lemuel, yredelemnul_altar_generic,
          uniq_erolcha, uniq_fannar
D:12:     layout_long_grid
D:13:     layout_roguey, gammafunk_ghost_mausoleum
D:14:     layout_basic, david_vaults_2, serial_shops, nicolae_shop_crystal,
          chequers_garden, uniq_frances, uniq_agnes
D:15:     hangedman_slaughterboxes, uniq_jorgrun, uniq_kirke
Lair:1:   layout_cave_pods
Lair:2:   kb_forest_paths, layout_layer_cave, spider_nest_entry_rubble
Lair:3:   cheibrodos_lair_overgrown_chateau, layout_chaotic_city,
          skrybe_swamp_entry_bodies, kennysheep_basilisk_garden, uniq_gastronok
Lair:4:   layout_small_grid, enter_volcano_3, uniq_nessos
Lair:5:   layout_cave_pods, kennysheep_snail_temple, lemuel_fruit_fields
Lair:6:   grunt_lair_end_beastmaster, layout_layer_cave,
          minmay_slime_entry_oklob_open, chequers_serial_rivers_micro_e,
          minmay_lair_oklob_items, serial_bayou_lagoon_a
Swamp:1:  layout_falls_marsh, hangedman_swamp_lotus, swamp_pool1,
          nicolae_swamp_necromancer_hut, infiniplex_staircase_pool
Swamp:2:  layout_basic_swamp, gammafunk_ghost_wrathful_warriors,
          evilmike_swamp_ruin_house_3, swamp_pool3
Swamp:3:  layout_falls_marsh, infiniplex_staircase_pool_2
Swamp:4:  swamp_vile, layout_basic_swamp
Orc:1:    layout_caves, nicolae_orc_tapped_out
Orc:2:    st_orc_elflike, layout_diamond_mine, bloody_makhleb, uniq_sonja,
          uniq_rupert

Skill      XL: |  1  2  3  4  5  6  7  8  9 10 11 12 13 14 15 16 17 |
---------------+----------------------------------------------------+-----
Fighting       | 4 5 6 7 8 10 12 14 15 17 18 19 20 | 20.6
Axes           | 4 5 6 7 9 10 12 14 16 18 20 21 22 | 22.0
Armour         | 3 4 5 6 7 9 10 11 13 14 15 16 17 18 | 18.0
Dodging        | |  2.1

Action                   |  1- 3 |  4- 6 |  7- 9 | 10-12 | 13-15 | 16-18 || total
-------------------------+-------+-------+-------+-------+-------+-------++-------
Melee: Hand axe          |    60 |   108 |   280 |   108 |       |       ||   556
       Headbutt          |    12 |    15 |    62 |   128 |   159 |    93 ||   469
       War axe           |       |       |       |   272 |       |       ||   272
       Broad axe         |       |       |       |   124 |       |       ||   124
       Executioner's axe |       |       |       |    43 |   686 |   358 ||  1087
Throw: Javelin           |       |       |       |    19 |       |       ||    19
Invok: Berserk           |     1 |     3 |     3 |    10 |    14 |     6 ||    37
       Trog's Hand       |       |     2 |     6 |    10 |    24 |     9 ||    51
       Brothers in Arms  |       |       |       |     1 |     2 |       ||     3
Evoke: Wand              |       |       |       |     1 |       |       ||     1
  Use: Scroll            |     2 |     4 |     8 |    18 |    16 |    11 ||    59
       Potion            |       |       |       |     3 |     3 |     8 ||    14
 Stab: Petrified         |       |       |       |       |     8 |       ||     8
       Petrifying        |       |       |       |       |     1 |       ||     1
       Distracted        |       |       |       |       |     1 |       ||     1
  Eat: Chunk             |     1 |     8 |    21 |    24 |    41 |    23 ||   118
       Ration            |       |     1 |       |     4 |     6 |     2 ||    13
Armor: Animal skin       |     6 |     8 |       |       |       |       ||    14
       Scale mail        |       |    28 |    65 |       |       |       ||    93
       Chain mail        |       |       |     5 |   131 |       |       ||   136
       Acid dragon scale |       |       |       |    27 |       |       ||    27
       Plate armour      |       |       |       |   152 |   606 |   228 ||   986
       Swamp dragon scal |       |       |       |       |       |   101 ||   101
Dodge: Dodged            |    44 |    55 |   109 |   271 |   351 |   262 ||  1092
Block: Other             |       |       |    40 |   112 |   184 |   108 ||   444
       Reflection        |       |       |     1 |     2 |    13 |     9 ||    25
